 Dungeon Crawl Stone Soup version 0.30.0-20-g3615ddf2f0 (webtiles) character file.

Game seed: 8875914376235895718

1983 qw the Cleaver (level 9, -4/55 HPs)
             Began as a Gargoyle Fighter on May 29, 2023.
             Slain by a manticore (11 damage)
             ... on level 6 of the Dungeon.
             The game lasted 00:02:32 (4864 turns).

qw the Cleaver (Gargoyle Fighter)                   Turns: 4864, Time: 00:02:33

Health: -4/55      AC: 19    Str: 22    XL:     9   Next: 20%
Magic:  9/9        EV: 11    Int:  7    God:
Gold:   59         SH: 11    Dex: 17    Spells: 8/8 levels left

rFire   + . .        Y - +0 war axe
rCold   . . .        b - +0 kite shield
rNeg    + . .        o - +0 plate armour
rPois   inf          f - +0 helmet {SInv}
rElec   +            (no cloak)
rCorr   .            (no gloves)
SInv    +            (no boots)
Will    .....        (no amulet) Stlth
                     g - ring of protection from fire
HPRegen 0.29/turn    u - +5 ring of evasion
MPRegen 0.11/turn

%: no passive effects
@: about to teleport
A: sickness immunity, AC +6, negative energy resistance 1, electricity
resistance, torment resistance 1, petrification resistance, agile 2, screaming 1
a: no special abilities


You were on level 6 of the Dungeon.
You visited 2 branches of the dungeon, and saw 7 of its levels.

You collected 245 gold pieces.
You spent 186 gold pieces at shops.


Innate Abilities, Weirdness & Mutations

You are immune to sickness and miasma.
Your stone body is resilient. (AC +6)
You are immune to poison.
You resist negative energy. (rN+)
You are resistant to electric shocks. (rElec)
You are resistant to unholy torment.
You are immune to petrification.
You are very agile. (Dex +8, Str/Int -2)
You occasionally shout uncontrollably at your foes.


   Skills:
 + Level 5.6 Fighting
 - Level 8.1 Axes
 - Level 4.4 Armour
 - Level 1.5 Dodging
 - Level 7.0 Shields


You had 8 spell levels left.
You didn't know any spells.
Your spell library was empty.

Inventory:

Hand Weapons
 l - a +0 hand axe of flaming
 Y - a +0 war axe (weapon)
Armour
 b - a +0 kite shield (worn)
 f - a +0 helmet of see invisible (worn)
 o - a +0 plate armour (worn)
Jewellery
 g - a ring of protection from fire (left hand)
 q - a ring of see invisible
 u - a +5 ring of evasion (right hand)
Scrolls
 a - a scroll of identify
 n - 2 scrolls of teleportation
Potions
 c - a potion of heal wounds
 d - 2 potions of might
 e - a potion of cancellation
 h - a potion of lignification {unknown}
 i - a potion of mutation
 k - 2 potions of curing
 m - a potion of ambrosia {unknown}
 p - a potion of degeneration {unknown}
 s - a potion of flight {unknown}

Dungeon Overview and Level Annotations

Branches:
Dungeon (6/15)             Temple (1/1) D:4

Altars:
Ashenzari
Cheibriados
Dithmenos
Elyvilon
Fedhas
Gozag
Hepliaklqana
Kikubaaqudgha
Qazlal
Ru
Sif Muna
Trog
Uskayaw
Vehumet
Zin
The Shining One

Shops:
D:5 (

Annotations:
D:3 1 runed translucent door, Crazy Yiuf


Message History

The orc wizard hits you but does no damage.
You completely miss the sky beast.
The sky beast is heavily wounded.
You slash the orc wizard!
You kill the orc wizard!
The sky beast hits you but does no damage.
The manticore flicks its tail.
The volley of spikes hits you!
The barbed spikes become lodged in your body.
The sky beast hits you but does no damage.
You closely miss the sky beast.
The sky beast is heavily wounded.
You hit the manticore but do no damage. The manticore closely misses you.
The manticore claws you! The manticore closely misses you.
The sky beast closely misses you.
You hit the sky beast.
The sky beast is heavily wounded.
You slash the manticore!
The manticore bites you but does no damage.
The manticore claws you!
The manticore claws you but does no damage.
The sky beast barely misses you.
You miss the sky beast.
The sky beast is heavily wounded.
You slash the manticore!
You carefully extract the barbed spikes from your body.
The manticore barely misses you. You block the manticore's attack.
The manticore barely misses you.
The sky beast hits you but does no damage.
You hit the manticore.
The manticore is heavily wounded.
You hit the sky beast. The manticore bites you!
You block the manticore's attack.
The manticore claws you but does no damage.
You block the sky beast's attack.
4864 ||| READING 3 scrolls of teleportation.
As you read the scroll of teleportation, it crumbles to dust.
You feel strangely unstable. The sky beast closely misses you.
The manticore bites you!
You die...

#..........#
#.........:.
#...........
#..........#
.......#
#..........#
.......#
#..........#
.......#
#..))Y.....#
.......#
#...@H.....#
.......#
#...........
.......#
####'###....
.......# ##.#
... .......#
##..# .
###....#
##..## ####.#
##..##
#.#####..##
#####...#...##


You could see a manticore and a sky beast.

Vanquished Creatures
  Grinder (D:3)
  Sigmund (D:5)
  3 ice beasts
  A sky beast (D:6)
  2 black bears
  A kobold brigand (D:5)
  4 bullfrogs
  2 scorpions
  A howler monkey (D:5)
  5 hounds
  A jelly (D:6)
  2 orc priests
  Jessica (D:3)
  5 iguanas
  An orc wizard (D:6)
  6 adders
  2 ufetubi
  3 worms
  6 dart slugs
  5 orcs
  3 bats
  7 endoplasms
  3 giant cockroaches
  4 goblins
  6 hobgoblins
  10 jackals
  14 kobolds
  2 quokkas (D:1)
  13 ball pythons
  2 rats
117 creatures vanquished.

Notes
Turn   | Place    | Note
-------+----------+-------------------------------------------
     0 | D:1      | qw the Gargoyle Fighter began the quest for the Orb.
     0 | D:1      | Reached XP level 1. HP: 14/14 MP: 1/1
     0 | D:1      | 0 ||| qw: Version: 0.2-a-101-gf424e7f
     0 | D:1      | 0 ||| qw: Game counter: 300
     0 | D:1      | 0 ||| qw: Always use a shield: true
     0 | D:1      | 0 ||| qw: God list: Okawaru
     0 | D:1      | 0 ||| qw: Allow faded altars: false
     0 | D:1      | 0 ||| qw: Do Orc after D:15 true
     0 | D:1      | 0 ||| qw: Do second Lair branch before Depths: true
     0 | D:1      | 0 ||| qw: Lair rune preference: random
     0 | D:1      | 0 ||| qw: Plans: Normal, Zot:1-4, Slime:5, God:TSO, Crypt,
                  | Tomb, Pan, Hells, Abyss, Win
     0 | D:1      | 0 ||| PLANNING D:1-11
    79 | D:1      | Reached skill level 2 in Axes
   104 | D:1      | 104 ||| Stepping ~*~*~tactically~*~*~ (stealth).
   136 | D:1      | Reached XP level 2. HP: 19/19 MP: 2/2
   239 | D:1      | 239 ||| Stepping ~*~*~tactically~*~*~ (stealth).
   245 | D:1      | 245 ||| Stepping ~*~*~tactically~*~*~ (stealth).
   246 | D:1      | 246 ||| Stepping ~*~*~tactically~*~*~ (stealth).
   425 | D:1      | Reached skill level 3 in Axes
   467 | D:1      | 467 ||| Stepping ~*~*~tactically~*~*~ (water).
   647 | D:1      | Reached XP level 3. HP: 23/23 MP: 3/3
   826 | D:1      | 826 ||| READING scroll labelled HUATIR ISCH.
   829 | D:1      | 829 ||| READING scroll labelled PEISACROQO.
   830 | D:1      | 830 ||| READING scroll labelled MYTSOU MYROUTO.
   931 | D:1      | 931 ||| READING scroll labelled FIFETA LOJIOL.
   946 | D:2      | 946 ||| Stepping ~*~*~tactically~*~*~ (hiding).
   969 | D:2      | 969 ||| Stepping ~*~*~tactically~*~*~ (hiding).
   970 | D:2      | 970 ||| Stepping ~*~*~tactically~*~*~ (hiding).
   972 | D:2      | 972 ||| Stepping ~*~*~tactically~*~*~ (hiding).
   974 | D:2      | 974 ||| Stepping ~*~*~tactically~*~*~ (hiding).
  1049 | D:2      | 1049 ||| Stepping ~*~*~tactically~*~*~ (stealth).
  1148 | D:2      | Reached XP level 4. HP: 28/28 MP: 4/4
  1312 | D:2      | 1312 ||| Stepping ~*~*~tactically~*~*~ (hiding).
  1313 | D:2      | 1313 ||| Stepping ~*~*~tactically~*~*~ (hiding).
  1317 | D:2      | 1317 ||| Stepping ~*~*~tactically~*~*~ (hiding).
  1319 | D:2      | 1319 ||| Stepping ~*~*~tactically~*~*~ (hiding).
  1433 | D:2      | Reached skill level 4 in Axes
  1547 | D:2      | You fall into a shaft and drop 1 floor!
  1576 | D:3      | 1576 ||| UPGRADING to +0 helmet of see invisible.
  1581 | D:3      | 1581 ||| UPGRADING to +0 chain mail.
  1591 | D:3      | 1591 ||| DROPPING +0 scale mail.
  1592 | D:3      | 1592 ||| READING 2 scrolls labelled ZIDYZ AN RIRCH.
  1593 | D:3      | 1593 ||| READING scroll labelled DONWON COEDAC.
  1594 | D:3      | 1594 ||| READING scroll labelled ZEOMUD PAHIDD.
  1595 | D:3      | 1595 ||| READING scroll labelled OHIAHAGILI.
  1607 | D:3      | 1607 ||| FLEEEEING.
  1609 | D:3      | 1609 ||| STAIRDANCE
  1754 | D:2      | 1754 ||| UPGRADING to +0 kite shield.
  1764 | D:2      | 1764 ||| DROPPING +0 buckler.
  1765 | D:2      | 1765 ||| DRINKING 2 coppery potions.
  1903 | D:3      | Found an opulent altar of Gozag.
  1904 | D:3      | 1904 ||| Stepping ~*~*~tactically~*~*~ (stealth).
  1905 | D:3      | 1905 ||| Stepping ~*~*~tactically~*~*~ (stealth).
  1925 | D:3      | Noticed Jessica
  1927 | D:3      | Killed Jessica
  1969 | D:3      | Noticed a scorpion
  1983 | D:3      | Killed a scorpion
  1984 | D:3      | Reached XP level 5. HP: 27/32 MP: 5/5
  2000 | D:3      | 2000 ||| Stepping ~*~*~tactically~*~*~ (stealth).
  2091 | D:3      | Found a runed translucent door.
  2092 | D:3      | Noticed Crazy Yiuf
  2192 | D:3      | 2192 ||| Stepping ~*~*~tactically~*~*~ (stealth).
  2194 | D:3      | Noticed Grinder
  2207 | D:3      | Paralysed by Grinder for 2 turns
  2229 | D:3      | Paralysed by Grinder for 2 turns
  2235 | D:3      | Killed Grinder
  2236 | D:3      | Reached skill level 6 in Shields
  2236 | D:3      | Reached XP level 6. HP: 30/37 MP: 6/6
  2275 | D:3      | Found a faded altar of an unknown god.
  2560 | D:3      | 2560 ||| READING scroll labelled XURPHU ADWOITUM.
  2641 | D:4      | Reached XP level 7. HP: 20/41 MP: 7/7
  2805 | D:4      | 2805 ||| DROPPING +0 whip.
  2809 | D:4      | 2809 ||| Stepping ~*~*~tactically~*~*~ (stealth).
  2822 | D:4      | 2822 ||| Stepping ~*~*~tactically~*~*~ (stealth).
  2829 | D:4      | Reached skill level 5 in Axes
  2861 | D:4      | Found a radiant altar of Vehumet.
  3377 | D:4      | Found a staircase to the Ecumenical Temple.
  3378 | D:4      | 3378 ||| PLANNING TEMPLE
  3378 | D:4      | 3378 ||| UPGRADING to +0 plate armour.
  3388 | D:4      | 3388 ||| DROPPING +0 chain mail.
  3398 | Temple   | Entered the Ecumenical Temple
  3453 | Temple   | 3453 ||| PLANNING D:1-11
  3543 | D:5      | Entered Level 5 of the Dungeon
  3581 | D:5      | 3581 ||| Stepping ~*~*~tactically~*~*~ (hiding).
  3584 | D:5      | 3584 ||| Stepping ~*~*~tactically~*~*~ (stealth).
  3873 | D:5      | Reached XP level 8. HP: 48/48 MP: 8/8
  3902 | D:5      | Reached skill level 6 in Axes
  4205 | D:5      | Found Mubacvix's Antique Weapon Boutique.
  4286 | D:5      | 4286 ||| BUYING glowing hand axe (186 gold).
  4286 | D:5      | Bought a glowing hand axe for 186 gold pieces
  4286 | D:5      | 4286 ||| DROPPING +1 heavy hand axe.
  4440 | D:5      | Noticed Sigmund
  4441 | D:5      | 4441 ||| Stepping ~*~*~tactically~*~*~ (hiding).
  4443 | D:5      | 4443 ||| Stepping ~*~*~tactically~*~*~ (hiding).
  4444 | D:5      | 4444 ||| Stepping ~*~*~tactically~*~*~ (hiding).
  4450 | D:5      | 4450 ||| DRINKING 3 potions of curing.
  4450 | D:5      | 4450 ||| (to cure confusion)
  4462 | D:5      | Killed Sigmund
  4571 | D:5      | 4571 ||| UPGRADING to ring of protection from fire.
  4572 | D:5      | 4572 ||| DROPPING ring of see invisible.
  4573 | D:5      | 4573 ||| UPGRADING to +5 ring of evasion.
  4574 | D:5      | 4574 ||| READING scroll labelled WAOPEN JANI.
  4575 | D:5      | 4575 ||| READING scroll labelled BYRILINKOXT.
  4576 | D:5      | 4576 ||| DRINKING 2 fizzy coppery potions.
  4576 | D:5      | Gained mutation: You are agile. (Dex +4, Str/Int -1)
                  | [potion of mutation]
  4576 | D:5      | Gained mutation: You occasionally shout uncontrollably at
                  | your foes. [potion of mutation]
  4576 | D:5      | Gained mutation: You are very agile. (Dex +8, Str/Int -2)
                  | [potion of mutation]
  4577 | D:5      | 4577 ||| READING 2 scrolls of identify.
  4577 | D:5      | 4577 ||| IDENTIFYING silvery potion
  4599 | D:6      | Reached skill level 1 in Dodging
  4600 | D:6      | Reached skill level 7 in Axes
  4603 | D:6      | 4603 ||| STAIRDANCE
  4779 | D:6      | Reached XP level 9. HP: 54/54 MP: 9/9
  4788 | D:6      | 4788 ||| Stepping ~*~*~tactically~*~*~ (stealth).
  4810 | D:6      | Reached skill level 8 in Axes
  4850 | D:6      | Noticed a manticore
  4863 | D:6      | HP: 7/55 [manticore (16)]
  4864 | D:6      | 4864 ||| READING 3 scrolls of teleportation.
  4864 | D:6      | Slain by a manticore

Levels and vault maps discovered:
D:1:      lightli_arrival_isolated_outpost, layout_basic,
          minmay_misc_feat_plants
D:2:      layout_basic, serial_bayou_pond_a
D:3:      minmay_wonky_spiral, layout_loops_ring,
          mainiacjoe_overflow_surrounded_room,
          dreamdust_ecumenical_altar_angels_and_demons, uniq_grinder,
          uniq_jessica, uniq_crazy_yiuf_cottage
D:4:      layout_loops_cross, fiery_altar_vehumet, minmay_temple_entry_poolview
D:5:      layout_gridville, serial_shops, shop_fountains, uniq_sigmund
D:6:      layout_basic, pdpol_wu_jian_five_deadly_venoms
Temple:   eino_temple_lava

Skill      XL: |  1  2  3  4  5  6  7  8  9 |
---------------+----------------------------+-----
Axes           | 2 3 4 5 7 8 |  8.1
Shields        | 4 6 7 |  7.0
Fighting       | 4 5 |  5.6
Armour         | 4 |  4.4
Dodging        | 1 |  1.5

Action                     |  1- 3 |  4- 6 |  7- 9 || total
---------------------------+-------+-------+-------++-------
  Melee: War axe           |   111 |   108 |   226 ||   445
    Use: Scroll            |     4 |     5 |     4 ||    13
         Potion            |       |     1 |     2 ||     3
 Armour: Scale mail        |    48 |     2 |       ||    50
         Chain mail        |       |    79 |    39 ||   118
         Plate armour      |       |       |    94 ||    94
  Dodge: Dodged            |    61 |    54 |    61 ||   176
  Block: Buckler           |    20 |     2 |       ||    22
         Kite shield       |       |    68 |   132 ||   200

Table legend:
 A = Non-vault XP
 B = Vault XP
 C = Vault XP percentage of total XP
 D = Non-vault monster count
 E = Vault monster count
 F = Vault count percentage of total count
                 A         B        C        D         E       F
            +---------+---------+-------+---------+---------+-------
      Total |    2266 |     568 |  20.0 |     112 |       5 |   4.3
            +---------+---------+-------+---------+---------+-------
        D:1 |      42 |       0 |   0.0 |      24 |       0 |   0.0
        D:2 |      62 |       0 |   0.0 |      21 |       0 |   0.0
        D:3 |     119 |     342 |  74.2 |      14 |       4 |  22.2
        D:4 |     507 |       0 |   0.0 |      20 |       0 |   0.0
        D:5 |     662 |     226 |  25.5 |      16 |       1 |   5.9
        D:6 |     874 |       0 |   0.0 |      17 |       0 |   0.0
            +---------+---------+-------+---------+---------+-------
